 Dungeon Crawl Stone Soup version 0.27-a0-1065-ge809cff456 (webtiles) character file.

Game seed: 15795683105186635307

1 leviel the Skirmisher (level 1, 0/15 (19) HPs)
             Began as a Hill Orc Fighter on Apr 24, 2021.
             Slain by a kobold
             ... wielding a +2 short sword of draining
              (1 damage)
             ... on level 1 of the Dungeon.
             The game lasted 00:00:09 (33 turns).

leviel the Skirmisher (Hill Orc Fighter)              Turns: 33, Time: 00:00:09

HP:   0/15 (19)     AC:  6    Str: 18    XL:     1   Next: 20%
MP:   1/1           EV:  7    Int:  8    God:
Gold: 0             SH:  9    Dex: 10    Spells: 0/0 levels left

rFire    . . .     SeeInvis .   a - +0 war axe
rCold    . . .     Faith    .   c - +0 kite shield
rNeg     . . .     Spirit   .   b - +0 scale mail
rPois    .         Reflect  .   (no helmet)
rElec    .         Harm     .   (no cloak)
rCorr    .         Rampage  .   (no gloves)
Will     .....                  (no boots)
Stlth    ..........             (no amulet)
HPRegen  0.05/turn              (no ring)
MPRegen  0.07/turn              (no ring)

@: heavily drained
A: no striking features
a: no special abilities


You were on level 1 of the Dungeon.
You visited 1 branch of the dungeon, and saw 1 of its levels.

Inventory:

Hand Weapons
 a - a +0 war axe (weapon)
Armour
 b - a +0 scale mail (worn)
 c - a +0 kite shield (worn)
Potions
 d - a potion of might


   Skills:
 + Level 3.6 Fighting
 + Level 2.6 Axes
 + Level 3.2 Armour
 + Level 3.4 Shields


You couldn't memorise any spells.
You didn't know any spells.
Your spell library was empty.

Dungeon Overview and Level Annotations

Branches:
Dungeon (1/15)

Altars:


Message History

The bosom of this dungeon contains the transcendent artefact, the Orb of Zot.
Press ? for a list of commands and other information.
Found a staircase leading out of the dungeon.
A ball python comes into view.
The ball python hisses angrily.
Found 18 sling bullets.
A ball python is nearby!
You barely miss the ball python. The ball python bites you.
You block the ball python's attack. The ball python bites you.
You block the ball python's attack.
A kobold comes into view.
It is wielding a +2 short sword of draining.
Your scale mail prevents you from hitting the ball python.
The kobold shouts!
The ball python bites you but does no damage.
The ball python grabs you. The ball python constricts you.
A kobold comes into view. It is wielding a +0 short sword.
The ball python bites you. The ball python constricts you.
You closely miss the ball python. You closely miss the kobold.
The kobold shouts!
The ball python bites you but does no damage.
The ball python constricts you. You block the kobold's attack.
The ball python bites you. The ball python constricts you.
You slash the ball python!
You kill the ball python!
You completely miss the kobold.
The kobold hits you with a +2 short sword of draining.
You feel drained.
The kobold hits you with a +2 short sword of draining.
* * * LOW HITPOINT WARNING * * *
You feel drained.
* * * LOW HITPOINT WARNING * * *
You are too injured to fight recklessly!
You are too injured to fight recklessly!
You are too injured to fight recklessly!
You barely miss the kobold.
The kobold hits you with a +2 short sword of draining.
* * * LOW HITPOINT WARNING * * *
You feel drained.
The kobold hits you with a +2 short sword of draining.
You die...

#..≈....<....≈..
.#♣.♣.....P.♣#.
#≈♣♣♣...PPP≈#
#≈.♣.....P.≈#
#≈...♣.♣...≈#
#≈≈≈≈♣.♣≈≈≈≈####
######.######(.#
#.#####..#...#.#.#
#...@KK..........#
######.###.#.#.#.####
#.# #.#..†...... #.#
#.#####.#### #.# #.#
#.# #.# #.# #.. #.#
###


You could see 2 kobolds.

Vanquished Creatures
  A ball python (D:1)
1 creature vanquished.

Notes
Turn   | Place    | Note
-------+----------+-------------------------------------------
     0 | D:1      | leviel the Hill Orc Fighter began the quest for the Orb.
     0 | D:1      | Reached XP level 1. HP: 19/19 MP: 1/1
    33 | D:1      | Slain by a kobold

Illustrated notes

Levels and vault maps discovered:
D:1:      ldierk_walled_garden, layout_loops_ring,
          shapermc_ecumenical_altar_notcrosses

Action                   || total
-------------------------++-------
Melee: War axe           ||     5
Armor: Scale mail        ||     2
Block: Kite shield       ||     3

Table legend: (Time is in decaauts)
 A = Elapsed time spent in this place.
 B = Non-inter-level travel time spent in this place.
 C = Inter-level travel time spent in this place.
 D = Time resting spent in this place.
 E = Time spent auto-exploring this place.
 F = Levels seen in this place.
 G = Mean time per level.
                   A        B        C        D        E       F      G
               +--------+--------+--------+--------+--------+-----+--------+
         Total |     35 |     35 |      0 |      0 |     18 |   1 |   35.0 |
       Dungeon |     35 |     35 |      0 |      0 |     18 |   1 |   35.0 |
               +--------+--------+--------+--------+--------+-----+--------+

Top non-repeatable levels by time:
     D:1: 35 daAuts
